 Dungeon Crawl Stone Soup version 0.16.0 (webtiles) character file.

163 Kassandra the Digger (level 5, -3/31 HPs)
             Began as a Halfling Earth Elementalist on Mar 14, 2015.
             Slain by Pikel
             ... wielding a +1 whip of electrocution
              (16 damage)
             ... on level 4 of the Dungeon.
             The game lasted 00:22:30 (2511 turns).

Kassandra the Digger (Halfling Earth Elementalist)  Turns: 2511, Time: 00:22:31

Health: -3/31      AC:  3    Str:  8    XL:     5   Next: 73%
Magic:  0/7        EV: 15    Int: 15    God:
Gold:   114        SH:  0    Dex: 15    Spells: 3 memorised, 1 level left

rFire  + . .     SeeInvis .     (no weapon)
rCold  . . .     Clarity  .     c - +0 robe
rNeg   . . .     SustAb   .     (no shield)
rPois  .         Gourm    .     t - +0 helmet
rElec  .         Spirit   .     (no cloak)
rCorr  .         Warding  .     (no gloves)
rMut   .         Stasis   .     (no boots)
MR     .....                    (no amulet)
Stlth  ++........               s - ring of protection from fire
                                k - ring of flight

@: very slightly contaminated, not resistant to hostile enchantments, unstealthy
A: mutation resistance 1
a: Evoke Flight


You were on level 4 of the Dungeon.
You were near starving.

You visited 1 branch of the dungeon, and saw 5 of its levels.

You collected 114 gold pieces.

Inventory:

Hand weapons
 p - a +0 short sword of draining
Armour
 c - a +0 robe (worn)
 t - a +0 helmet (worn)
Jewellery
 e - an uncursed ring of protection from fire
 k - a ring of flight (left hand)
 s - a ring of protection from fire (right hand)
Scrolls
 f - 4 scrolls of teleportation {unknown}
 m - 2 scrolls of identify {unknown}
 n - a scroll of blinking {unknown}
 o - 2 scrolls of immolation {unknown}
 r - a scroll of enchant weapon {unknown}
 u - a scroll of enchant armour {unknown}
Potions
 i - a potion of magic
 j - a potion of lignification
Books
 d - a book of Geomancy

   Spells                             Type                      Level
   a - Sandblast                      Earth                        1
   b - Stoneskin                      Transmutation/Earth          2
   c - Passwall                       Transmutation/Earth          3
   d - Stone Arrow                    Conjuration/Earth            3
   e - Petrify                        Transmutation/Earth          4
   f - Lee's Rapid Deconstruction     Earth                        5
Comestibles
 a - 4 bread rations
 g - 2 meat rations
 h - 3 beef jerkies
 l - a fruit


   Skills:
 - Level 2.1 Dodging
 - Level 2.1 Stealth
 - Level 1.5 Spellcasting
 - Level 0.5 Transmutations
 + Level 6.0 Earth Magic


You had one spell level left.
You knew the following spells:

 Your Spells              Type           Power        Failure   Level  Hunger
a - Sandblast             Erth           ###...       1%          1    ##.....
b - Stoneskin             Trmt/Erth      ##......     12%         2    ###....
c - Stone Arrow           Conj/Erth      ##....       24%         3    ####...


Dungeon Overview and Level Annotations

Branches:
Dungeon (5/15)
 Temple: D:4-7

Altars:

Annotations:
D:3 futacatgirl's ghost, average OpCj
D:4 Pikel; Sonntagskind's ghost, average DgGl


Innate Abilities, Weirdness & Mutations

You are small and have problems with some larger weapons.
You are somewhat resistant to further mutation.


Message History

You miscast Stone Arrow.
You are very lightly contaminated with residual magic.
Your skin tingles.
The slave hits you! The slave hits you!
Casting: Stone Arrow
Confirm with . or Enter, or press ? or * to list all spells.
You don't have enough magic to cast that spell.
Casting: Stone Arrow
Confirm with . or Enter, or press ? or * to list all spells.
Aiming: Sandblast
Press: ? - help, Shift-Dir - straight line, f/p - slave
Aim: a slave, wearing an animal skin (severely wounded)
The blast of sand hits the slave.
The slave is almost dead.
You are near starving!
Pikel shouts!
Pikel hits you with a whip of electrocution.
You are electrocuted!
Ouch! That really hurt!
You die...

#.#### #.....#.#
#..## #....#
#######.####...#
####.# #...(.>..#
#.# ########.#..#
#.# #..........##
####
#.#######.#####.#.##
#...
#......##.#####.#.#
#.##
######..K.........#
####@#####.###
############p#####.#
#............p.....#
#.##################
#.# #.# #.# #.# #.#


You could see Pikel and 2 slaves.

Vanquished Creatures
  A slave (D:5)
  An orc priest (D:3)
  Ijyb (D:2)
  Jessica (D:2)
  2 adders
  A river rat (D:4)
  2 worms
  3 giant geckos
  2 orcs (D:3)
  A bat zombie (D:2)
  2 giant cockroaches (D:1)
  10 hobgoblins
  3 kobolds
  2 ball pythons (D:1)
  A ball python skeleton (D:2)
  6 bats
  A giant gecko skeleton (D:2)
  A giant gecko zombie (D:2)
  A giant newt (D:2)
  12 goblins
  A jackal zombie (D:2)
  6 rats
61 creatures vanquished.

Vanquished Creatures (others)
  A giant mite (D:2)
  A bat (D:2)
2 creatures vanquished.

Grand Total: 63 creatures vanquished

Notes
Turn   | Place    | Note
--------------------------------------------------------------
     0 | D:1      | Kassandra, the Halfling Earth Elementalist, began the quest for the Orb.
     0 | D:1      | Reached XP level 1. HP: 11/11 MP: 2/2
   158 | D:1      | Reached XP level 2. HP: 17/17 MP: 0/3
   198 | D:1      | Learned a level 2 spell: Stoneskin
   451 | D:1      | Reached skill level 4 in Earth Magic
   451 | D:1      | Reached XP level 3. HP: 21/21 MP: 0/5
  1011 | D:2      | Noticed Jessica
  1081 | D:2      | Killed Jessica
  1081 | D:2      | Reached XP level 4. HP: 25/27 MP: 2/6
  1401 | D:2      | Learned a level 3 spell: Stone Arrow
  1427 | D:2      | Noticed Ijyb
  1441 | D:2      | Killed Ijyb
  1441 | D:2      | Reached skill level 5 in Earth Magic
  1832 | D:3      | Reached XP level 5. HP: 31/31 MP: 2/7
  1894 | D:3      | Noticed futacatgirl's ghost (average OpCj)
  2232 | D:4      | Noticed Pikel
  2233 | D:4      | Noticed a slave
  2233 | D:4      | Noticed a slave
  2237 | D:4      | Noticed Sonntagskind's ghost (average DgGl)
  2316 | D:5      | Entered Level 5 of the Dungeon
  2319 | D:5      | Killed a slave
  2434 | D:4      | Reached skill level 6 in Earth Magic
  2493 | D:4      | Noticed a slave
  2494 | D:4      | Noticed a slave
  2511 | D:4      | Slain by Pikel

Action                   |  1- 3 |  4- 6 || total
-------------------------+-------+-------++-------
Throw: Stone             |    62 |     3 ||    65
 Cast: Sandblast         |    40 |    63 ||   103
  Use: Potion            |     1 |     5 ||     6
  Eat: Chunk             |     1 |     5 ||     6
